 Seeded DCSS version 0.30-a0-924-g0ad0bf95bc (webtiles) character file.

Game seed: 18446744073709551615 (custom seed)

25 GigaChad the Shield-Bearer (level 3, -1/29 HPs)
             Began as a Formicid Fighter on Mar 21, 2023.
             Slain by Robin
             ... wielding a +0 spear
              (3 damage)
             ... on level 2 of the Dungeon on Mar 22, 2023.
             The game lasted 00:01:12 (218 turns).

GigaChad the Shield-Bearer (Formicid Fighter)        Turns: 218, Time: 00:01:12

Health: -1/29      AC:  7    Str: 22    XL:     3   Next: 20%
Magic:  3/3        EV:  9    Int:  7    God:
Gold:   33         SH:  5    Dex: 13    Spells: 2/2 levels left

rFire   . . .      SeeInvis +    a - +0 war axe
rCold   . . .      Faith    .    c - +0 buckler
rNeg    . . .      Spirit   .    b - +0 scale mail
rPois   .          Reflect  .    (helmet unavailable)
rElec   .          Rampage  .    (no cloak)
rCorr   .                        (no gloves)
Will    .....                    (no boots) Stlth
                                 (no amulet)
HPRegen 0.24/turn                (no ring)
MPRegen 0.08/turn                (no ring)

@: no status effects
A: permanent stasis, dig shafts and tunnels, antennae 3, four strong arms
a: Dig, Shaft Self


You were on level 2 of the Dungeon.
You visited 1 branch of the dungeon, and saw 2 of its levels.

You collected 33 gold pieces.

Inventory:

Hand Weapons
 a - a +0 war axe (weapon)
Armour
 b - a +0 scale mail (worn)
 c - a +0 buckler (worn)
Scrolls
 f - 2 scrolls of identify {unknown}
Potions
 d - 2 potions of might
 e - a potion of curing {unknown}
 g - a potion of degeneration {unknown}


   Skills:
 + Level 3.5 Fighting
 + Level 2.3 Axes
 + Level 3.8 Armour
 + Level 0.1 Dodging
 + Level 4.3 Shields


You had 2 spell levels left.
You didn't know any spells.
Your spell library was empty.

Dungeon Overview and Level Annotations

Branches:
Dungeon (2/15)

Altars:

Annotations:
D:2 Robin


Innate Abilities, Weirdness & Mutations

You cannot be hasted, slowed, berserked, paralysed or teleported.
You can dig through walls and to a lower floor.
You have a pair of large antennae on your head. (SInv)
Your four strong arms can wield two-handed weapons with a shield.


Message History

The goblin goes into a battle-frenzy!
You barely miss the goblin. The goblin hits you but does no damage.
Robin throws the goblin at you!
The goblin hits you with a +0 dagger. x2
The goblin hits you but does no damage. Robin hits you but does no damage.
You are too injured to fight recklessly!
You are too injured to fight recklessly!
You are too injured to fight recklessly!
There are monsters nearby!
Unknown command.
You are too injured to fight recklessly!
You barely miss the goblin. You slash the goblin!
You kill the goblin!
Robin says, "Kneel, worm!"
You block Robin's attack. The goblin hits you with a +0 dagger.
Robin hits you from afar with a +0 spear.
Things that are here:
a +0 dagger; a goblin corpse The goblin attacks as you move away!
The goblin hits you with a +0 dagger.
* * * LOW HITPOINT WARNING * * *
You block Robin's attack.
You hit the goblin.
The goblin is heavily wounded.
You block Robin's attack. You block the goblin's attack.
A goblin comes into view. It is wielding a +0 dagger.
Robin hits you from afar with a +0 spear.
* * * LOW HITPOINT WARNING * * *
The goblin hits you but does no damage.
You barely miss the goblin.
The goblin is heavily wounded.
The goblin shouts!
You block Robin's attack. The goblin hits you but does no damage.
You barely miss the goblin.
The goblin is heavily wounded.
The goblin hits you with a +0 dagger.
* * * LOW HITPOINT WARNING * * *
Robin closely misses you.
You closely miss the goblin.
The goblin is heavily wounded.
Robin hits you from afar with a +0 spear.
You die...

#.....# # #.....# #.
#.....# #.# #.....#
#..####..####### .
####.........>..... ...
........##..#######
.....#######......##
..g....@g.).##.##..#
........))).##.##..##
.........g..##.#....#...
#..#####.##..#.#........
.. #.###........#..# .
...#...#.......##
#.......<.........
....##..........#. .##
...##..#..#..


You could see Robin and 2 goblins.

Vanquished Creatures
  A worm (D:1)
  A ball python (D:1)
  9 goblins
  4 hobgoblins
  2 kobolds
  A bat (D:1)
  A frilled lizard (D:2)
  A rat (D:1)
20 creatures vanquished.

Notes
Turn   | Place    | Note
-------+----------+-------------------------------------------
     0 | D:1      | GigaChad the Formicid Fighter began the quest for the Orb.
     0 | D:1      | Reached XP level 1. HP: 18/18 MP: 1/1
   131 | D:1      | Reached XP level 2. HP: 12/24 MP: 2/2
   131 | D:1      | Upgraded the game from 0.30-a0-920-g7493c07aab to
                  | 0.30-a0-924-g0ad0bf95bc
   175 | D:1      | You fall into a shaft and drop 1 floor!
   199 | D:2      | Noticed Robin
   209 | D:2      | Reached XP level 3. HP: 18/29 MP: 3/3
   218 | D:2      | Slain by Robin

Illustrated notes

Levels and vault maps discovered:
D:1:      dpeg_arrival_brainrot, layout_loops_ring
D:2:      layout_rooms, chequers_decorated_corner, uniq_robin

Action                     || total
---------------------------++-------
  Melee: War axe           ||    41
 Armour: Scale mail        ||    28
  Dodge: Dodged            ||    24
  Block: Buckler           ||    18

Table legend: (Time is in decaauts)
 A = Elapsed time spent in this place.
 B = Non-inter-level travel time spent in this place.
 C = Inter-level travel time spent in this place.
 D = Time resting spent in this place.
 E = Time spent auto-exploring this place.
 F = Levels seen in this place.
 G = Mean time per level.
                   A        B        C        D        E       F      G
               +--------+--------+--------+--------+--------+-----+--------+
         Total |    235 |    235 |      0 |      0 |    143 |   2 |  117.5 |
       Dungeon |    235 |    235 |      0 |      0 |    143 |   2 |  117.5 |
               +--------+--------+--------+--------+--------+-----+--------+

Top non-repeatable levels by time:
     D:1: 184 daAuts
     D:2: 50 daAuts
